[Event "Titled Tuesday Blitz April 4 Early 2023"]
[White "Vlassov, Nikolai"]
[Black "Iljin, Timofey"]
[WhiteFideId "4103360"]
[BlackFideId "14110180"]
[WhiteElo "2324"]
[BlackElo "2382"]
[Result "0-1"]
[Round "02"]
[TimeControl "180+2"]
[Date "2023.04.04"]
[WhiteClock "0:00:03"]
[BlackClock "0:00:17"]

1. e4 e5 2. Bc4 Nf6 3. d3 Bc5 4. Nf3 Nc6 5. Bg5 d6 6. Nc3 h6 7. Bh4 g5 8. Bg3 Bg4 9. h4 Nh7 10. Bxf7+ Kxf7 11. Nxg5+ Qxg5 12. hxg5 Bxd1 13. Rxd1 Nxg5 14. Nd5 Ne6 15. c3 Ne7 16. Ne3 Bxe3 17. fxe3 Rag8 18. Kf2 Rg6 19. Rh3 Rhg8 20. Rdh1 Ng5 21. Rxh6 Nxe4+ 22. dxe4 Rxg3 23. R1h2 R3g6 24. Rh7+ R6g7 25. R7h6 Ng6 26. g3 Ke7 27. R2h3 Nf8 28. b4 Ne6 29. a4 Ng5 30. R3h4 Nf7 31. R6h5 Rxg3 32. Rh2 R3g5 33. Rh7 R5g7 34. R7h5 Ng5 35. R5h4 Rf8+ 36. Ke2 Rgf7 37. Rg4 Ne6 38. a5 c6 39. Rgh4 d5 40. exd5 cxd5 41. Kd3 Rf2 42. Rxf2 Rxf2 43. Rh7+ Kd6 44. c4 dxc4+ 45. Kxc4 Rc2+ 46. Kd3 Rc7 47. Rh6 a6 48. Rg6 Rg7 49. Rh6 Kd5 50. Rf6 e4+ 51. Kc3 Rc7+ 52. Kb3 Ke5 53. Rh6 Ng5 54. b5 axb5 55. Rb6 Ne6 56. Rxb5+ Rc5 57. Rxb7 Rxa5 58. Kb4 Rd5 59. Rh7 Rd3 60. Rh5+ Kd6 61. Rh3 Ng7 62. Rh6+ Ke5 63. Rh7 Nf5 64. Rh8 Rxe3 65. Re8+ Kf4 66. Kc4 Rd3 67. Rf8 Rd1 68. Kc3 e3 69. Kc2 Rd6 70. Re8 Rd7 71. Re6 Re7 72. Rxe7 Nxe7 73. Kd1 Kf3 74. Ke1 e2 0-1


[Site "https://www.chess.com"]

[Event "Titled Tuesday Blitz April 4 Early 2023"]
[White "Krzywda, Andrzej"]
[Black "Skvortsov, Andrei"]
[WhiteFideId "1114565"]
[BlackFideId "24108600"]
[WhiteElo "2155"]
[BlackElo "2259"]
[Result "0-1"]
[Round "02"]
[TimeControl "180+2"]
[Date "2023.04.04"]
[WhiteClock "0:00:03"]
[BlackClock "0:00:12"]

1. e4 d5 2. exd5 Qxd5 3. Nc3 Qe5+ 4. Qe2 Qxe2+ 5. Bxe2 c6 6. Nf3 Bf5 7. d3 Nd7 8. O-O e5 9. Re1 O-O-O 10. Nd1 f6 11. Ne3 Be6 12. Nc4 Nb6 13. Nxb6+ axb6 14. Be3 Bc5 15. a4 Kc7 16. a5 Ne7 17. axb6+ Bxb6 18. Bxb6+ Kxb6 19. Nd2 Ra8 20. Ne4 Nd5 21. g3 Kc7 22. c3 b6 23. Bf1 Rhd8 24. h4 Bf5 25. Bg2 Ne7 26. Rad1 Ng6 27. h5 Nf8 28. h6 gxh6 29. Nxf6 Ng6 30. Be4 Bxe4 31. dxe4 Nf8 32. Ng4 Rxd1 33. Rxd1 h5 34. Nxe5 Re8 35. f4 Ra8 36. Kg2 Ra2 37. Rd2 Ne6 38. Kf3 Nc5 39. f5 Nb3 40. Rd7+ Kc8 41. Rxh7 Nd2+ 42. Kf4 Ra4 43. b4 Ra1 44. Nxc6 b5 45. e5 Rf1+ 46. Kg5 h4 47. gxh4 Ne4+ 48. Kg6 Nxc3 49. e6 Ne4 50. e7 Nd6 51. f6 Rg1+ 52. Kh5 Kd7 53. Ne5+ Ke6 54. Ng6 Kxf6 55. Nf4 Ne8 56. Nd5+ Ke6 57. Nf4+ Kf6 58. Nd5+ Ke6 59. Nf4+ Kf5 60. Nd3 Nf6+ 61. Kh6 Rg6# 0-1


[Site "https://www.chess.com"]

[Event "Titled Tuesday Blitz April 4 Early 2023"]
[White "Ezat, Mohamed"]
[Black "Manon-og, Ramon Jr."]
[WhiteFideId "10600906"]
[BlackFideId "5200776"]
[WhiteElo "2386"]
[BlackElo "2377"]
[Result "1-0"]
[Round "02"]
[TimeControl "180+2"]
[Date "2023.04.04"]
[WhiteClock "0:00:46"]
[BlackClock "0:00:09"]

1. d4 Nf6 2. c4 g6 3. Nc3 d5 4. Nf3 Bg7 5. Bf4 O-O 6. Rc1 c6 7. e3 Qb6 8. Qd2 Bg4 9. Ne5 Bf5 10. Be2 Ne4 11. Nxe4 Bxe4 12. O-O Rd8 13. cxd5 cxd5 14. Nxf7 Kxf7 15. Bc7 Qf6 16. Bxd8 Qg5 17. f3 Bf5 18. Bc7 Nc6 19. Bf4 Qh4 20. Bb5 Rc8 21. a3 Bd7 22. Rc2 Kg8 23. Rfc1 Rf8 24. Bxc6 bxc6 25. b4 a6 26. a4 h6 27. Rc5 g5 28. Bg3 Qh5 29. b5 axb5 30. axb5 cxb5 31. Rxd5 Be8 32. Rd8 Qf7 33. Rcc8 h5 34. Be5 h4 35. Bxg7 Kxg7 36. d5 h3 37. Qd4+ Kg8 38. Qg4 Qg6 39. Qe6+ Kg7 40. Qxg6+ 1-0


[Site "https://www.chess.com"]

[Event "Titled Tuesday Blitz April 4 Early 2023"]
[White "Klepikov, Nikita"]
[Black "Jessel, Stephen"]
[WhiteFideId "24145220"]
[BlackFideId "628859"]
[WhiteElo "2025"]
[BlackElo "2268"]
[Result "0-1"]
[Round "02"]
[TimeControl "180+2"]
[Date "2023.04.04"]
[WhiteClock "0:00:07"]
[BlackClock "0:00:09"]

1. e4 b6 2. d4 Bb7 3. Bd3 e6 4. Nf3 d6 5. O-O Nd7 6. Re1 h6 7. c4 Ne7 8. Nc3 g6 9. e5 d5 10. b3 Bg7 11. a4 O-O 12. Ba3 Re8 13. Rc1 a6 14. Bb1 Rc8 15. c5 bxc5 16. dxc5 Nc6 17. b4 Ncxe5 18. b5 axb5 19. axb5 c6 20. b6 Nc4 21. Bb4 Bf8 22. Bd3 Ncxb6 23. Ba5 Bxc5 24. Na4 Bd6 25. Nxb6 Nxb6 26. Rb1 Bc7 27. Bxb6 Bxb6 28. Qb3 Bxf2+ 29. Kxf2 Ba8 30. Qc3 c5 31. Qe5 Qc7 32. Qf6 Qe7 33. Qxe7 Rxe7 34. Ne5 Kg7 35. Rb6 Rf8 36. Nf3 Bb7 37. Reb1 Ba8 38. h3 d4 39. Rb8 Rxb8 40. Rxb8 Bxf3 41. gxf3 Rc7 42. Bc4 g5 43. Ke2 Ra7 44. Rb2 Ra3 45. Rc2 Re3+ 46. Kf2 Ra3 47. Bb5 Rb3 48. Rxc5 Rb2+ 49. Kg3 Kf6 50. Rc4 Rxb5 51. Rxd4 Rd5 52. Re4 Rf5 53. Rc4 e5 54. Rc8 Kg7 55. Re8 f6 56. Re7+ Kg6 57. Re8 Rf4 58. Rg8+ Kf7 59. Rh8 Kg7 60. Rd8 h5 61. Rd7+ Kg6 62. Rd6 h4+ 63. Kf2 Kf5 64. Rd7 Ra4 65. Rd2 Ra3 66. Rb2 Kg6 67. Rc2 Kf5 68. Rb2 Rc3 69. Ra2 e4 70. Ra5+ Kf4 71. fxe4 Rc2+ 72. Kf1 Kxe4 73. Ra4+ Kf3 74. Ra3+ Kf4 75. Ra4+ Kg3 76. Ra3+ Kh2 77. Ke1 Rg2 78. Kf1 Rg3 79. Ra6 f5 80. Rf6 f4 81. Kf2 Kxh3 82. Rf5 Kg4 83. Rf6 Ra3 84. Rh6 h3 0-1


[Site "https://www.chess.com"]

[Event "Titled Tuesday Blitz April 4 Early 2023"]
[White "Thomforde-Toates, Noah"]
[Black "Rian, Kapriaga"]
[WhiteFideId "30951992"]
[BlackFideId "7103263"]
[WhiteElo "2665"]
[BlackElo "2366"]
[Result "1-0"]
[Round "02"]
[TimeControl "180+2"]
[Date "2023.04.04"]
[WhiteClock "0:00:09"]
[BlackClock "0:00:02"]

1. d4 Nf6 2. Nc3 d5 3. Bf4 c6 4. e3 Bf5 5. Bd3 e6 6. Nf3 Bd6 7. Bxd6 Qxd6 8. Ne5 Nbd7 9. f4 O-O 10. Ne2 Ne4 11. O-O f6 12. Nxd7 Qxd7 13. Bxe4 Bxe4 14. Ng3 Bg6 15. c3 Rae8 16. Qg4 Qc8 17. Rae1 e5 18. f5 exd4 19. exd4 Rxe1 20. Rxe1 Re8 21. Rxe8+ Bxe8 22. Qe2 Qd7 23. Qe3 b6 24. Qf4 Qd8 25. Kf2 h6 26. Nf1 a5 27. Ne3 Kh7 28. g4 Bf7 29. h4 Kg8 30. Ng2 Kh7 31. Ne1 c5 32. Nf3 Qe7 33. g5 hxg5 34. hxg5 fxg5 35. Nxg5+ Kg8 36. Nf3 cxd4 37. Qxd4 Qd6 38. Ke3 Bh5 39. Qe5 Qh6+ 40. Qf4 Bxf3 41. Kxf3 Qh3+ 42. Ke2 Qg2+ 43. Kd3 Qxb2 44. Qb8+ Kh7 45. Qd6 Qxa2 46. Qxb6 Qc4+ 47. Kd2 Qf4+ 48. Kd1 Qxf5 49. Qxa5 Qe4 50. Qc7 Qf3+ 51. Kc2 Qf2+ 52. Kb3 Qf5 53. Qh2+ Kg6 54. Qg3+ Kf6 55. Qd6+ Kg5 56. Qd8+ Kg6 57. Ka3 Kh5 58. Qh8+ Kg6 59. Qe8+ Kg5 60. Qe7+ Kg6 61. Kb4 Kh7 62. Kc5 1-0


[Site "https://www.chess.com"]

[Event "Titled Tuesday Blitz April 4 Early 2023"]
[White "Koridze, Lile"]
[Black "Piesik, Piotr"]
[WhiteFideId "13612514"]
[BlackFideId "1136194"]
[WhiteElo "2047"]
[BlackElo "2299"]
[Result "0-1"]
[Round "02"]
[TimeControl "180+2"]
[Date "2023.04.04"]
[WhiteClock "0:01:29"]
[BlackClock "0:00:58"]

1. d4 c5 2. d5 e5 3. c4 d6 4. Nc3 Be7 5. Nf3 a6 6. e4 Bg4 7. Be2 Bxf3 8. Bxf3 Bg5 9. Bxg5 Qxg5 10. O-O Nd7 11. Qb3 Rb8 12. Na4 Qd8 13. Bg4 Ngf6 14. Bf3 b5 15. Nc3 bxc4 16. Qxc4 Qa5 17. b3 Rb4 18. Qd3 O-O 19. g3 Rfb8 20. Bg2 c4 21. bxc4 Nc5 22. Qe2 Rb2 23. Qe3 h5 24. h3 h4 25. g4 Nh7 26. f4 Rc2 27. Rf3 exf4 28. Qxf4 Rxc3 29. Qxf7+ Kh8 30. Raf1 Rxf3 31. Rxf3 Nxe4 32. Re3 Qc5 33. Qf4 Neg5 34. Kh2 Rf8 0-1


[Site "https://www.chess.com"]

[Event "Titled Tuesday Blitz April 4 Early 2023"]
[White "Gold_Ocean"]
[Black "Leebit02"]
[WhiteElo "2654"]
[BlackElo "2362"]
[Result "1-0"]
[Round "02"]
[TimeControl "180+2"]
[Date "2023.04.04"]
[WhiteClock "0:02:12"]
[BlackClock "0:00:56"]

1. d4 Nf6 2. Nf3 g6 3. Nc3 d5 4. Bf4 Bg7 5. Nb5 Na6 6. e3 O-O 7. h3 c6 8. Nc3 Nc7 9. Bd3 c5 10. dxc5 Ne6 11. Be5 Nxc5 12. Be2 e6 13. O-O Ncd7 14. Bd6 Re8 15. Nb5 Nb6 16. Bc7 Qd7 17. Ne5 Qe7 18. a4 Nfd7 19. Nf3 Nc5 20. Bd6 1-0


[Site "https://www.chess.com"]

[Event "Titled Tuesday Blitz April 4 Early 2023"]
[White "Levitan, Caleb Levi"]
[Black "Sokolovsky, Yahli"]
[WhiteFideId "14332620"]
[BlackFideId "2820242"]
[WhiteElo "1963"]
[BlackElo "2316"]
[Result "0-1"]
[Round "02"]
[TimeControl "180+2"]
[Date "2023.04.04"]
[WhiteClock "0:00:14"]
[BlackClock "0:00:38"]

1. e4 d6 2. d4 g6 3. Nc3 Bg7 4. Bf4 a6 5. Qd2 b5 6. O-O-O Bb7 7. f3 Nd7 8. h4 h5 9. Nge2 c5 10. dxc5 Nxc5 11. Be3 Rc8 12. Bd4 Nf6 13. e5 dxe5 14. Bxe5 Qxd2+ 15. Rxd2 b4 16. Nd1 b3 17. Kb1 Nfe4 18. fxe4 bxc2+ 19. Rxc2 Bxe5 20. Ndc3 Nxe4 21. Rh3 O-O 22. Re3 f5 23. Nc1 Bf4 24. Re1 Bg3 25. Rd1 Nxc3+ 26. Rxc3 Rxc3 27. bxc3 Bxh4 28. Rd7 Be4+ 29. Kb2 Rb8+ 30. Nb3 a5 31. Ka3 Bg3 32. Bc4+ Kf8 33. Nxa5 Bd6+ 34. Ka4 Ra8 35. Rb7 Bxb7 0-1


[Site "https://www.chess.com"]

[Event "Titled Tuesday Blitz April 4 Early 2023"]
[White "Malek, Jan"]
[Black "Qashashvili, Alexandre"]
[WhiteFideId "21864080"]
[BlackFideId "13600842"]
[WhiteElo "2255"]
[BlackElo "2405"]
[Result "0-1"]
[Round "02"]
[TimeControl "180+2"]
[Date "2023.04.04"]
[WhiteClock "0:00:10"]
[BlackClock "0:00:07"]

1. e4 c6 2. d4 d5 3. exd5 cxd5 4. Bd3 Nc6 5. c3 Nf6 6. h3 g6 7. Bf4 Bg7 8. Nf3 O-O 9. O-O Bf5 10. Bxf5 gxf5 11. Na3 a6 12. Nc2 e6 13. a4 Ne4 14. Qd3 Rc8 15. Ne3 Qb6 16. b4 Ne7 17. Rfc1 Ng6 18. Bh2 Rc6 19. a5 Qb5 20. Qxb5 axb5 21. Nd1 Rfc8 22. Ra3 Rc4 23. Kf1 Rxb4 24. cxb4 Rxc1 25. Ke2 Bf8 26. h4 Bxb4 27. Rb3 Bxa5 28. h5 Ne7 29. Rxb5 b6 30. Bf4 Rc2+ 31. Kf1 Ra2 32. g3 Ra1 33. Ke2 Rxd1 34. Rxa5 Nc3+ 35. Ke3 bxa5 36. Bd6 Nc6 37. Kf4 Nxd4 38. Ne5 Ndb5 39. Be7 a4 40. Nd7 a3 41. Kg5 a2 42. Nf6+ Kg7 43. h6+ Kh8 44. Bf8 Ne4+ 45. Nxe4 dxe4 46. Kf6 Kg8 0-1


[Site "https://www.chess.com"]

[Event "Titled Tuesday Blitz April 4 Early 2023"]
[White "Antonio, Jorge Carlos"]
[Black "Shuvalova, Polina"]
[WhiteFideId "113190"]
[BlackFideId "24171760"]
[WhiteElo "2247"]
[BlackElo "2281"]
[Result "0-1"]
[Round "02"]
[TimeControl "180+2"]
[Date "2023.04.04"]
[WhiteClock "0:00:38"]
[BlackClock "0:00:32"]

1. d4 Nf6 2. Nf3 d5 3. Bf4 c5 4. e3 Nc6 5. c3 Qb6 6. Qb3 e6 7. Be2 Be7 8. Qxb6 axb6 9. Nbd2 O-O 10. a3 h6 11. h3 Bd7 12. O-O Rfc8 13. Rfc1 c4 14. g4 b5 15. Ne5 Nxe5 16. Bxe5 Bc6 17. Bxf6 Bxf6 18. f4 g5 19. Kf2 Kg7 20. Kg3 Be7 21. Nf3 f6 22. Bd1 Bd6 23. Bc2 Rh8 24. h4 h5 25. hxg5 hxg4 26. gxf6+ Kxf6 27. Ng5 Rag8 28. Rh1 Rxh1 29. Rxh1 Rxg5 30. Rh6+ Kf7 31. Rh7+ Rg7 32. Rh4 Bd7 33. Rxg4 Rxg4+ 34. Kxg4 e5+ 35. Kf3 exf4 36. e4 dxe4+ 37. Bxe4 Bc6 38. d5 Bd7 0-1


[Site "https://www.chess.com"]

[Event "Titled Tuesday Blitz April 4 Early 2023"]
[White "Rozman, Levy"]
[Black "Alberto, Manuel"]
[WhiteFideId "2039877"]
[BlackFideId "10100148"]
[WhiteElo "2376"]
[BlackElo "2166"]
[Result "1-0"]
[Round "02"]
[TimeControl "180+2"]
[Date "2023.04.04"]
[WhiteClock "0:01:58"]
[BlackClock "0:01:50"]

1. e4 c5 2. Nc3 d6 3. d4 cxd4 4. Qxd4 Nc6 5. Qd2 g6 6. b3 Bg7 7. Bb2 a6 8. O-O-O Nh6 9. h4 Ng4 10. Kb1 h5 11. Nd5 Bxb2 12. Kxb2 Be6 13. f3 Nge5 14. Nf4 Bd7 15. Nge2 Rc8 16. Nd4 b5 17. Be2 Nxd4 18. Qxd4 Qa5 19. Nd5 Be6 20. f4 Bxd5 21. exd5 Nc4+ 22. Bxc4 O-O 23. Bd3 b4 24. f5 Qa3+ 25. Kb1 a5 26. Qb2 1-0


[Site "https://www.chess.com"]

[Event "Titled Tuesday Blitz April 4 Early 2023"]
[White "Domingo Nunez, Ruben"]
[Black "De Souza, Cristiano Gomes"]
[WhiteFideId "22245570"]
[BlackFideId "2151758"]
[WhiteElo "2404"]
[BlackElo "2068"]
[Result "1-0"]
[Round "02"]
[TimeControl "180+2"]
[Date "2023.04.04"]
[WhiteClock "0:00:04"]
[BlackClock "0:00:01"]

1. b3 e5 2. Bb2 Nc6 3. e3 a6 4. Nf3 d6 5. c4 g6 6. d4 Bg7 7. Nc3 Nh6 8. Be2 Nf5 9. d5 Na7 10. Qc2 Nh4 11. Nxh4 Qxh4 12. g3 Qe7 13. h4 f5 14. h5 Bd7 15. O-O-O O-O-O 16. h6 Bf6 17. c5 dxc5 18. d6 cxd6 19. Nd5 Qf8 20. f4 Bc6 21. g4 fxg4 22. Bxg4+ Kb8 23. Rhf1 Bxd5 24. Rxd5 Qxh6 25. fxe5 Qxe3+ 26. Kb1 Bxe5 27. Bc1 Qc3 28. Qxc3 Bxc3 29. Bf4 Be5 30. Bxe5 dxe5 31. Rxe5 Rhf8 32. Rh1 h5 33. Be2 Rd2 34. Re1 Rf2 35. Re8+ Kc7 36. Re7+ Kb6 37. a4 Nc6 38. Re6 Ka5 39. Kc1 Ra2 40. Kb1 Rd2 41. Kc1 Rd4 42. Rxg6 h4 43. Rg5 Kb4 44. Bd1 c4 45. bxc4 Rxc4+ 46. Kb1 Nd4 47. Re7 b5 48. axb5 axb5 49. Re1 Kc3 50. Rh5 Nb3 51. Re3+ Kd2 52. Rxb3 Rc1+ 53. Kb2 Kxd1+ 54. Ka3 Ra1+ 55. Kb4 Rf4+ 56. Kxb5 Rc1 57. Rb2 Rc2 58. Rb1+ Ke2 59. Rh1 1-0


[Site "https://www.chess.com"]

[Event "Titled Tuesday Blitz April 4 Early 2023"]
[White "babbilator"]
[Black "Darini, Pouria"]
[BlackFideId "12502200"]
[WhiteElo "2260"]
[BlackElo "2482"]
[Result "0-1"]
[Round "02"]
[TimeControl "180+2"]
[Date "2023.04.04"]
[WhiteClock "0:00:03"]
[BlackClock "0:00:07"]

1. e4 c5 2. Nc3 Nc6 3. Nf3 d6 4. d4 cxd4 5. Nxd4 Nf6 6. f3 e5 7. Nb3 Be6 8. Nd5 Be7 9. Be3 O-O 10. Qd2 a5 11. Bb5 a4 12. Bb6 Qd7 13. Na5 a3 14. b3 Rfc8 15. Rd1 Rab8 16. Ba7 Ra8 17. Bb6 Ne8 18. Nc4 Rab8 19. O-O Bd8 20. Be3 f6 21. Ncb6 Qf7 22. Nxc8 Rxc8 23. Kh1 f5 24. exf5 Bxf5 25. Bc4 Be6 26. Nb6 Bxb6 27. Bxe6 Qxe6 28. Bxb6 Ne7 29. c4 h6 30. Ba5 b5 31. Bb4 bxc4 32. bxc4 Rxc4 33. Bxd6 Nf5 34. Bxa3 Rh4 35. Qd5 Ng3+ 36. Kg1 Qxd5 37. Rxd5 Nxf1 38. Kxf1 Ra4 39. Rd3 Nf6 40. Bd6 e4 41. fxe4 Nxe4 42. a3 Ra6 43. Bb4 Rf6+ 44. Kg1 Rc6 45. h3 h5 46. Re3 Rc4 47. h4 Kf7 48. Kh2 Kf6 49. Rf3+ Kg6 50. Rf4 Kh6 51. Be1 g5 52. g3 gxf4 0-1


[Site "https://www.chess.com"]

[Event "Titled Tuesday Blitz April 4 Early 2023"]
[White "Tsotsonava, Elene"]
[Black "Kozak, Antoni"]
[WhiteFideId "13615939"]
[BlackFideId "21832030"]
[WhiteElo "1829"]
[BlackElo "2470"]
[Result "0-1"]
[Round "02"]
[TimeControl "180+2"]
[Date "2023.04.04"]
[WhiteClock "0:01:59"]
[BlackClock "0:02:10"]

1. e4 Nc6 2. Nf3 e5 3. Nc3 Nf6 4. d4 exd4 5. Nxd4 Bc5 6. Nf5 d6 7. Nxg7+ Kf8 8. Bh6 Kg8 9. Nf5 Bxf5 10. exf5 Qd7 11. Nd5 Qxf5 12. Qg4+ Nxg4 0-1


[Site "https://www.chess.com"]

[Event "Titled Tuesday Blitz April 4 Early 2023"]
[White "Hamitevici, Vladimir"]
[Black "Putri, Regita Desyari"]
[WhiteFideId "13902393"]
[BlackFideId "7109083"]
[WhiteElo "2401"]
[BlackElo "1930"]
[Result "1-0"]
[Round "02"]
[TimeControl "180+2"]
[Date "2023.04.04"]
[WhiteClock "0:00:22"]
[BlackClock "0:00:01"]

1. Nc3 d5 2. d3 Nf6 3. Nf3 c5 4. Bg5 Nc6 5. e4 d4 6. Nb1 e5 7. Be2 Be7 8. O-O O-O 9. a4 Be6 10. Na3 a6 11. Nd2 Nd7 12. Bxe7 Qxe7 13. Bg4 f5 14. Bxf5 Bxf5 15. exf5 Rxf5 16. Qg4 Raf8 17. Rae1 Qf7 18. f3 Nb4 19. Ndc4 Nd5 20. Nd6 Qf6 21. Nxf5 Qxf5 22. Qxf5 Rxf5 23. Nc4 b6 24. g4 Rf6 25. Nxe5 Nxe5 26. Rxe5 Ne3 27. g5 Rd6 28. Rf2 a5 29. b3 h6 30. h4 hxg5 31. hxg5 Kf7 32. Re2 Kg6 33. R2xe3 dxe3 34. Kg2 Rd4 35. Kg3 Kh5 36. f4 Rd8 37. Rxe3 Rd6 38. Re5 Kg6 39. Kg4 1-0


[Site "https://www.chess.com"]

[Event "Titled Tuesday Blitz April 4 Early 2023"]
[White "Matute Escobar, Roxanny"]
[Black "Sadykov, Ramil"]
[WhiteFideId "3926028"]
[BlackFideId "24113590"]
[WhiteElo "1844"]
[BlackElo "2245"]
[Result "1/2-1/2"]
[Round "02"]
[TimeControl "180+2"]
[Date "2023.04.04"]
[WhiteClock "0:00:07"]
[BlackClock "0:00:08"]

1. e4 c5 2. Nf3 e6 3. d4 cxd4 4. Nxd4 Nc6 5. Nc3 Qc7 6. a3 Nf6 7. Be2 a6 8. O-O Bd6 9. f4 Nxd4 10. Be3 Nxe2+ 11. Qxe2 Bc5 12. f5 d6 13. fxe6 Bxe3+ 14. Qxe3 Bxe6 15. Kh1 Nd7 16. Qg5 O-O 17. Rad1 f6 18. Qg3 Ne5 19. Ne2 Qxc2 20. Nd4 Qc4 21. b3 Qc8 22. Rc1 Qd7 23. b4 Rac8 24. Rcd1 Rc4 25. Nb3 Qe7 26. Nd4 b5 27. Qh4 Rfc8 28. Ne2 d5 29. Nf4 Rxe4 30. Qg3 Qf7 31. Nd3 Nxd3 32. Rxd3 Rec4 33. Qe3 h6 34. Rfd1 d4 35. Qf4 Qg6 36. h3 Rc2 37. Rg3 Qf5 38. Qxd4 Rc1 39. Rxc1 Rxc1+ 40. Kh2 Qe5 41. Qd8+ Kh7 42. Qf8 f5 43. Qe8 Rc3 44. Qg6+ Kh8 45. Qe8+ Kh7 46. Qg6+ Kg8 47. Qe8+ Kh7 1/2-1/2


[Site "https://www.chess.com"]

[Event "Titled Tuesday Blitz April 4 Early 2023"]
[White "Acikel, Mert"]
[Black "Svane, Rasmus"]
[WhiteFideId "12956465"]
[BlackFideId "4657101"]
[WhiteElo "2097"]
[BlackElo "2597"]
[Result "0-1"]
[Round "02"]
[TimeControl "180+2"]
[Date "2023.04.04"]
[WhiteClock "0:00:06"]
[BlackClock "0:01:02"]

1. e4 c6 2. Nc3 d5 3. Nf3 dxe4 4. Nxe4 Nf6 5. Qe2 Nxe4 6. Qxe4 Qa5 7. Bc4 Bf5 8. Qf4 e6 9. c3 Qd8 10. O-O Bd6 11. Qe3 O-O 12. d4 Nd7 13. Rd1 Qc7 14. h3 Rfe8 15. Bb3 c5 16. Qe2 Rac8 17. Be3 c4 18. Bc2 Bxc2 19. Qxc2 Nf6 20. Re1 h6 21. Rad1 b5 22. Bd2 a5 23. Ne5 Red8 24. Bf4 Nd5 25. Bg3 b4 26. cxb4 axb4 27. Rc1 c3 28. b3 Ra8 29. Bh4 Rdc8 30. Nc4 Be7 31. Bg3 Qa7 32. Ra1 Qxd4 33. Rad1 Qa7 34. Re2 Bf6 35. Kh1 Rd8 36. f3 Ne7 37. Bf2 Qb7 38. Nd6 Qc6 39. Ne4 Rxd1+ 40. Qxd1 Nd5 41. Bc5 Be7 42. Bd4 Rd8 43. Qg1 Nf4 44. Rc2 Qd5 45. Bb6 Rd7 46. Kh2 Qd3 47. Qb1 Bd6 0-1


[Site "https://www.chess.com"]

[Event "Titled Tuesday Blitz April 4 Early 2023"]
[White "Xiong, Jeffery"]
[Black "koncheto"]
[WhiteFideId "2047640"]
[WhiteElo "2726"]
[BlackElo "2523"]
[Result "1-0"]
[Round "02"]
[TimeControl "180+2"]
[Date "2023.04.04"]
[WhiteClock "0:02:05"]
[BlackClock "0:00:24"]

1. e4 c5 2. Nf3 d6 3. Nc3 Nf6 4. d4 cxd4 5. Qxd4 Nc6 6. Qd3 g6 7. Nd5 Bg7 8. c3 O-O 9. Bg5 Nd7 10. Qe3 a6 11. Be2 b5 12. h4 f6 13. Bh6 Nde5 14. Nxe5 Nxe5 15. Bxg7 Kxg7 16. O-O-O Be6 17. Kb1 Rc8 18. h5 Bxd5 19. exd5 g5 20. g3 Qd7 21. f4 Qf5+ 22. Ka1 Nf7 23. Rhf1 Rc7 24. Qf3 Rb8 25. Bd3 Qc8 26. Qe4 Qg8 27. Rde1 a5 28. Qd4 b4 29. fxg5 Nxg5 30. Rxe7+ Rxe7 31. Qxf6# 1-0


[Site "https://www.chess.com"]

[Event "Titled Tuesday Blitz April 4 Early 2023"]
[White "Gholami Orimi, Mahdi"]
[Black "Turzo, Attila"]
[WhiteFideId "12558486"]
[BlackFideId "704954"]
[WhiteElo "2363"]
[BlackElo "2520"]
[Result "1-0"]
[Round "02"]
[TimeControl "180+2"]
[Date "2023.04.04"]
[WhiteClock "0:01:22"]
[BlackClock "0:00:01"]

1. Nf3 c5 2. b3 Nf6 3. Bb2 g6 4. e3 Bg7 5. Be2 O-O 6. O-O d5 7. Na3 Nc6 8. h3 d4 9. Bb5 Ne8 10. Bxc6 bxc6 11. exd4 cxd4 12. Re1 c5 13. d3 Bb7 14. Nc4 Nd6 15. a4 Nxc4 16. bxc4 Qd6 17. a5 e5 18. Ba3 f5 19. Rb1 Bc6 20. Nd2 Rac8 21. Nb3 Ba8 22. Nd2 Rfe8 23. Rb5 a6 24. Rb6 Rc6 25. Qb1 e4 26. dxe4 fxe4 27. Nxe4 Qe5 28. f3 Rec8 29. Nxc5 Qf4 30. Rxc6 Bxc6 31. Ne6 Qd2 32. Bb4 1-0


[Site "https://www.chess.com"]

[Event "Titled Tuesday Blitz April 4 Early 2023"]
[White "Bacrot, Etienne"]
[Black "Padmini, Rout"]
[WhiteFideId "605506"]
[BlackFideId "5029295"]
[WhiteElo "2663"]
[BlackElo "2314"]
[Result "1-0"]
[Round "02"]
[TimeControl "180+2"]
[Date "2023.04.04"]
[WhiteClock "0:00:09"]
[BlackClock "0:00:02"]

1. d4 Nf6 2. Nf3 e6 3. c4 d5 4. Nc3 Bb4 5. Qa4+ Nc6 6. cxd5 exd5 7. Bg5 h6 8. Bxf6 Qxf6 9. e3 O-O 10. Bb5 Bd7 11. O-O Bxc3 12. bxc3 a6 13. Bxc6 Bxc6 14. Qb3 Bb5 15. Rfe1 Qd6 16. Ne5 f6 17. Ng6 Rfe8 18. Qb1 Kf7 19. Nf4 Kg8 20. Qg6 Re7 21. h4 Be8 22. Qf5 Bf7 23. h5 Qd7 24. Qc2 c5 25. a4 Rc8 26. Qb2 Qf5 27. Qb1 Qg5 28. Qd1 Qf5 29. a5 Rec7 30. Qf3 cxd4 31. cxd4 Qe4 32. Qg4 Kh7 33. Reb1 Rd8 34. Rb6 Re8 35. Qg3 Ree7 36. Qg4 Qc2 37. Rd6 Qe4 38. Rd8 Re8 39. Rd7 Re7 40. Rd6 Re8 41. Kh2 Ree7 42. Kg3 Re8 43. Rh1 Ree7 44. Rh4 Re8 45. Qh3 Qb1 46. Qg4 Ree7 47. Qf3 Qe4 48. Qe2 Re8 49. Rg4 Qc2 50. Qf3 Ree7 51. Nxd5 Bxd5 52. Rxd5 Rc3 53. Qf5+ Qxf5 54. Rxf5 Ra3 55. Rc5 Rd7 56. Re4 Rd6 57. Re8 b6 58. Rcc8 g5 59. Re7# 1-0


[Site "https://www.chess.com"]

[Event "Titled Tuesday Blitz April 4 Early 2023"]
[White "Kollars, Dmitrij"]
[Black "Gil Alba, Hector Luis"]
[WhiteFideId "12909572"]
[BlackFideId "3504670"]
[WhiteElo "2584"]
[BlackElo "2331"]
[Result "0-1"]
[Round "02"]
[TimeControl "180+2"]
[Date "2023.04.04"]
[WhiteClock "0:00:56"]
[BlackClock "0:01:08"]

1. e4 e5 2. Nf3 Nc6 3. Bc4 Nf6 4. d3 Bc5 5. Nc3 d6 6. Na4 Bb6 7. O-O h6 8. Nxb6 axb6 9. c3 O-O 10. a4 d5 11. exd5 Nxd5 12. Re1 Re8 13. d4 e4 14. Nd2 Bf5 15. Nf1 Bg6 16. Qg4 Na5 17. Ba2 c5 18. dxc5 bxc5 19. Bxh6 gxh6 20. b4 cxb4 21. cxb4 Nc6 22. Ne3 Ne5 23. Qg3 Nxe3 24. fxe3 Qg5 25. Qh3 Nf3+ 26. Kh1 Nxe1 27. Rxe1 Rxa4 28. Qd7 Rea8 29. Bb1 Ra1 30. Qxb7 Rd8 31. h3 Rd2 32. Qc8+ Kh7 33. Rg1 Rxb1 0-1


[Site "https://www.chess.com"]

[Event "Titled Tuesday Blitz April 4 Early 2023"]
[White "Jovic, Stanoje"]
[Black "Makarian, Rudik"]
[WhiteFideId "905020"]
[BlackFideId "44105681"]
[WhiteElo "2236"]
[BlackElo "2430"]
[Result "0-1"]
[Round "02"]
[TimeControl "180+2"]
[Date "2023.04.04"]
[WhiteClock "0:00:03"]
[BlackClock "0:00:57"]

1. c4 g6 2. g3 Bg7 3. Bg2 e6 4. Nf3 Ne7 5. O-O O-O 6. Nc3 d5 7. d4 Nbc6 8. e3 b6 9. b3 Ba6 10. Nd2 Na5 11. Qe2 c5 12. Nb5 Bxb5 13. cxb5 cxd4 14. exd4 Nf5 15. Nf3 Nxd4 16. Nxd4 Bxd4 17. Rb1 Rc8 18. h4 h5 19. Bg5 Bf6 20. Bh6 Bg7 21. Bg5 Qd6 22. Rbc1 Nb7 23. g4 hxg4 24. Qxg4 Nc5 25. h5 gxh5 26. Qxh5 Qe5 27. Qh4 Qf5 28. Be7 Rfe8 29. Bxc5 Rxc5 30. Rxc5 bxc5 31. a4 Bf6 32. Qg3+ Qg5 33. Qc7 Kg7 34. Re1 Rh8 35. Qxc5 Rh4 36. Qe3 Qg6 37. Kf1 Bd4 38. Qg3 Rg4 39. Qf3 Rg5 40. Bh3 Rg1+ 41. Ke2 Qc2# 0-1


[Site "https://www.chess.com"]

[Event "Titled Tuesday Blitz April 4 Early 2023"]
[White "Ferenc83"]
[Black "Lobanov, Sergei"]
[BlackFideId "24183750"]
[WhiteElo "2503"]
[BlackElo "2489"]
[Result "1-0"]
[Round "02"]
[TimeControl "180+2"]
[Date "2023.04.04"]
[WhiteClock "0:00:51"]
[BlackClock "0:00:02"]

1. e4 e5 2. Nf3 Nc6 3. Bb5 a6 4. Ba4 d6 5. c3 Bd7 6. d4 Nge7 7. d5 Nb8 8. Bxd7+ Qxd7 9. c4 Ng6 10. Nc3 Be7 11. g3 O-O 12. h4 f5 13. Bg5 fxe4 14. Nxe4 Qf5 15. Nfd2 Nd7 16. Qe2 b5 17. cxb5 axb5 18. Qxb5 Rab8 19. Qc4 Rxb2 20. Bxe7 Nxe7 21. O-O Rc8 22. a4 Nb6 23. Qc3 Rxd2 24. Nxd2 Nbxd5 25. Qc4 Kh8 26. a5 Nf4 27. Qe4 Qg4 28. Qf3 Qg6 29. a6 d5 30. a7 Ra8 31. Kh2 Nd3 32. Rfb1 Nc6 33. Qxd5 h6 34. Ra6 Qf5 35. Rxc6 Nxf2 36. Rc4 Ng4+ 1-0


[Site "https://www.chess.com"]